 Dungeon Crawl Stone Soup version 0.27-a0-1140-g099f9bb0e8 (webtiles) character file.

Game seed: 13276182662046046088

240 grammond the Covered (level 6, -2/53 HPs)
             Began as a Hill Orc Fighter on May 9, 2021.
             Was a Follower of Uskayaw.
             Slain by a scorpion (4 damage)
             ... on level 4 of the Dungeon.
             The game lasted 00:20:27 (3639 turns).

grammond the Covered (Hill Orc Fighter)             Turns: 3639, Time: 00:20:27

Health: -2/53      AC:  8    Str: 21    XL:     6   Next: 8%
Magic:  6/6        EV:  7    Int:  8    God:    Uskayaw [*.....]
Gold:   134        SH:  9    Dex: 10    Spells: 5/5 levels left

rFire    . . .     SeeInvis .   x - +2 flail (vorpal)
rCold    . . .     Faith    +   c - +0 kite shield
rNeg     . . .     Spirit   .   b - +0 scale mail
rPois    .         Reflect  .   j - +0 helmet
rElec    .         Harm     .   (no cloak)
rCorr    .         Rampage  .   (no gloves)
Will     .....                  (no boots)
Stlth    ..........             m - amulet of faith
HPRegen  0.17/turn              (no ring)
MPRegen  0.10/turn              (no ring)

@: attractive, flying
A: no striking features
a: Renounce Religion, Stomp


You were on level 4 of the Dungeon.
You worshipped Uskayaw.
Uskayaw was noncommittal.
You visited 1 branch of the dungeon, and saw 4 of its levels.

You collected 134 gold pieces.

Inventory:

Hand Weapons
 q - a +0 long sword
 s - a +3 dagger of venom
 t - the +4 hunting sling of Luqipuo {vorpal, rC+ Dex-3 Stlth+}
   (You found it on level 4 of the Dungeon)

   Any stone fired from it inflicts extra damage.
   It affects your dexterity (-3).
   It protects you from cold.
   It makes you more stealthy.
 x - a +2 vorpal flail (weapon)
Missiles
 d - 24 arrows
 i - 71 stones (quivered)
 w - 21 bolts
Armour
 a - a +0 animal skin
 b - a +0 scale mail (worn)
 c - a +0 kite shield (worn)
 f - a +0 ring mail
 j - a +0 helmet (worn)
Jewellery
 m - an amulet of faith (around neck)
Scrolls
 g - 4 scrolls of identify
 k - a scroll of noise
 l - 2 scrolls of teleportation {unknown}
 n - 2 scrolls of blinking {unknown}
 p - a scroll of enchant armour {unknown}
 u - 2 scrolls of fog {unknown}
 v - a scroll of enchant weapon {unknown}
Potions
 r - a potion of berserk rage {unknown}


   Skills:
 + Level 4.3 Fighting
 + Level 1.0 Long Blades
 + Level 4.7 Axes
 + Level 0.3(2.3) Maces & Flails
 + Level 4.8 Armour
 + Level 0.7 Dodging
 + Level 0.5 Stealth
 + Level 4.1 Shields


You had 5 spell levels left.
You didn't know any spells.
Your spell library was empty.

Dungeon Overview and Level Annotations

Branches:
Dungeon (4/15)
 Temple: D:4-7

Altars:
Uskayaw

Shops:
D:1 :


Message History

You are too injured to fight recklessly!
You are too injured to fight recklessly!
It was a potion of flight.
You feel very buoyant.
You fly up into the air.
You block the scorpion's attack.
You barely miss the scorpion.
The scorpion is moderately wounded.
You block the scorpion's attack. x2
You hit the scorpion.
The scorpion is heavily wounded.
The scorpion stings you but does no damage.
The scorpion stings you.
* * * LOW HITPOINT WARNING * * *
You are poisoned.
The scorpion poisons you!
You are too injured to fight recklessly!
You are too injured to fight recklessly!
As you read the scroll labelled GYISEY YLOVEDO, it crumbles to dust.
It is a scroll of identify.
k - a scroll of noise You feel sick.
The scorpion stings you.
* * * LOW HITPOINT WARNING * * *
You are too injured to fight recklessly!
You are too injured to fight recklessly!
You are too injured to fight recklessly!
You are too injured to fight recklessly!
* * * LOW HITPOINT WARNING * * *
You feel sick.
You feel sick.
You feel sick.
The scorpion stings you but does no damage.
You feel sick.
You feel sick.
You feel sick.
The scorpion stings you but does no damage.
You feel sick.
You are no longer poisoned.
You block the scorpion's attack. The scorpion stings you.
You die...

### ## ## ... ..##..
.... ...... ..... ...#
.....# ###### #.###
......####....# #....
.........#.<..# #....
.......@s....#### #....
.....#..........####..##
... ####.............# .
####..........#
####....>..# ####....#
####.# #..# ##..


You could see a scorpion.

Vanquished Creatures
  A black bear (D:4)
  Jessica (D:3)
  A scorpion zombie (D:2)
  Robin (D:3)
  3 adders
  2 worms (D:2)
  A dart slug (D:2)
  2 orcs
  3 ball pythons
  5 bats
  3 giant cockroaches
  11 goblins
  7 hobgoblins
  3 jackals (D:2)
  3 kobolds (D:2)
  2 quokkas
  A frilled lizard (D:2)
  5 rats
55 creatures vanquished.

Notes
Turn   | Place    | Note
-------+----------+-------------------------------------------
     0 | D:1      | grammond the Hill Orc Fighter began the quest for the Orb.
     0 | D:1      | Reached XP level 1. HP: 19/19 MP: 1/1
   464 | D:1      | Found Migoh's Book Shoppe.
   579 | D:1      | Found a faded altar of an unknown god.
   587 | D:1      | Became a worshipper of Uskayaw the Reveller
   587 | D:1      | Reached * piety under Uskayaw
   948 | D:2      | Reached XP level 2. HP: 23/27 MP: 2/2
   997 | D:2      | Reached ** piety under Uskayaw
  1000 | D:2      | Reached *** piety under Uskayaw
  1005 | D:2      | Reached **** piety under Uskayaw
  1009 | D:2      | Reached XP level 3. HP: 24/33 MP: 3/3
  1388 | D:2      | Reached XP level 4. HP: 26/40 MP: 4/4
  2367 | D:3      | Noticed Jessica
  2372 | D:3      | Killed Jessica
  2689 | D:3      | Noticed Robin
  2695 | D:3      | Reached XP level 5. HP: 45/46 MP: 5/5
  2700 | D:3      | Killed Robin
  3311 | D:4      | Identified the +4 hunting sling of Luqipuo {vorpal, rC+
                  | Dex-3 Stlth+}
  3575 | D:4      | Noticed a black bear
  3587 | D:4      | Killed a black bear
  3588 | D:4      | Reached skill level 1 in Long Blades
  3588 | D:4      | Reached XP level 6. HP: 27/53 MP: 6/6
  3637 | D:4      | HP: 2/53 [poisoned by a scorpion]
  3639 | D:4      | Slain by a scorpion

Illustrated notes

Levels and vault maps discovered:
D:1:      nzn_arrival_crosshair, layout_basic, serial_shops, shop,
          shapermc_ecumenical_altar_mp_vishouse, minmay_misc_feat_hallway,
          minmay_misc_feat_secret_circle
D:2:      layout_basic
D:3:      layout_loops_ring, uniq_jessica, uniq_robin
D:4:      layout_cave_pods

Skill      XL: |  1  2  3  4  5 |
---------------+----------------+-----
Fighting       | 4 |  4.3
Axes           | 3 4 |  4.7
Armour         | 4 |  4.8
Long Blades    | 1 |  1.0
Shields        | 4 |  4.1
Maces & Flails | |  0.3
Dodging        | |  0.7
Stealth        | |  0.5

Action                   |  1- 3 |  4- 6 || total
-------------------------+-------+-------++-------
Melee: War axe           |    55 |    46 ||   101
       Long sword        |       |    51 ||    51
       Flail             |       |    19 ||    19
  Use: Potion            |       |     7 ||     7
       Scroll            |       |     1 ||     1
 Stab: Paralysed         |     1 |     1 ||     2
Armor: Scale mail        |    42 |   103 ||   145
Dodge: Dodged            |    22 |    64 ||    86
Block: Kite shield       |    34 |    83 ||   117
       Rpst.: Long sword |       |    11 ||    11

Table legend: (Time is in decaauts)
 A = Elapsed time spent in this place.
 B = Non-inter-level travel time spent in this place.
 C = Inter-level travel time spent in this place.
 D = Time resting spent in this place.
 E = Time spent auto-exploring this place.
 F = Levels seen in this place.
 G = Mean time per level.
                   A        B        C        D        E       F      G
               +--------+--------+--------+--------+--------+-----+--------+
         Total |   3733 |   3730 |      3 |    458 |   1360 |   4 |  933.2 |
       Dungeon |   3733 |   3730 |      3 |    458 |   1360 |   4 |  933.2 |
               +--------+--------+--------+--------+--------+-----+--------+

Top non-repeatable levels by time:
     D:2: 1249 daAuts
     D:3: 1171 daAuts
     D:1: 950 daAuts
     D:4: 362 daAuts
